 Dungeon Crawl Stone Soup version 0.27-a0-414-gbb19ded6d3 (webtiles) character file.

Game seed: 7935995005789181109

211 wakim the Changer (level 5, -10/33 HPs)
             Began as an Octopode Transmuter on Feb 24, 2021.
             Mangled by an ogre
             ... wielding a +0 giant club
              (17 damage)
             ... on level 3 of the Dungeon.
             The game lasted 00:09:22 (4083 turns).

wakim the Changer (Octopode Transmuter)             Turns: 4083, Time: 00:09:22

Health: -10/33     AC:  1    Str:  9    XL:     5   Next: 88%
Magic:  9/9        EV: 11    Int: 17    God:
Gold:   141        SH:  7    Dex: 12    Spells: 8/9 levels left

rFire    . . .     SeeInvis .   j - +0 trident
rCold    + . .     Faith    .   m - +0 kite shield
rNeg     . . .     Spirit   .   (helmet restricted)
rPois    +         Reflect  .   (no amulet)
rElec    .         Harm     .   a - ring of protection from cold
rCorr    .         Rampage  .   e - ring of poison resistance
Will     .....                  (no ring)
Stlth    ++........             (no ring)
HPRegen  0.11/turn              (no ring)
MPRegen  0.11/turn              (no ring)
                                (no ring)
                                (no ring)

@: no status effects
A: almost no armour, stealthy swim, amphibious, 8 rings, constrict 8, camouflage
1, gelatinous body 1
a: no special abilities


You were on level 3 of the Dungeon.
You visited 1 branch of the dungeon, and saw 4 of its levels.

You collected 141 gold pieces.

Inventory:

Hand Weapons
 j - a +0 trident (weapon)
Armour
 m - a +0 kite shield (worn)
Jewellery
 a - a ring of protection from cold (left tentacle)
 e - a ring of poison resistance (right tentacle)
Scrolls
 b - a scroll of fear {unknown}
 c - a scroll of noise {unknown}
 d - a scroll of teleportation {unknown}
 g - a scroll of enchant weapon {unknown}
 k - 2 scrolls of amnesia {unknown}
 l - 2 scrolls of random uselessness {unknown}
Potions
 f - 2 potions of lignification
 h - a potion of brilliance {unknown}
 i - a potion of degeneration {unknown}


   Skills:
 - Level 1.0 Fighting
 * Level 3.9 Dodging
 + Level 1.0 Shields
 - Level 3.0 Unarmed Combat
 + Level 2.9 Spellcasting
 * Level 3.9 Transmutations


You had 8 spell levels left.
You knew the following spells:

 Your Spells              Type           Power        Failure   Level
a - Beastly Appendage     Tmut           30%          22%         1

Your spell library contained the following spells:

 Spells                   Type           Power        Failure   Level
 Wereblood                Tmut           15%          32%         2
 Spider Form              Tmut/Pois      4%           82%         3
 Ice Form                 Ice/Tmut       9%           99%         4
 Blade Hands              Tmut           7%           99%         5


Dungeon Overview and Level Annotations

Branches:
Dungeon (4/15)
 Temple: D:4-7

Altars:
Xom


Innate Abilities, Weirdness & Mutations

You cannot wear most types of armour.
You are very stealthy in the water. (Stealth+)
You are amphibious.
You can wear up to eight rings at the same time.
You can use your tentacles to constrict eight enemies at once.
Your skin changes colour to match your surroundings (Stealth+).
Your rubbery body absorbs attacks. (AC +1, EV +1)


Message History

You feel sick.
You are no longer poisoned.
You start resting.
HP restored.
There is a stone staircase leading down here.
There is a stone staircase leading down here.
You climb downwards.
There is a stone staircase leading up here.
Casting: Beastly Appendage (safe; 22% risk of failure)
Confirm with . or Enter, or press ? or * to list all spells.
One of your tentacles grows a vicious spike.
The ogre shouts!
You reach to attack!
You hit the ogre.
The ogre is moderately wounded.
You hit the ogre.
The ogre is moderately wounded.
You block the ogre's attack. The orc hits you with a +0 mace.
Your transformation is almost over.
There is a stone staircase leading up here.
The ogre closely misses you.
You climb upwards.
There is a stone staircase leading down here.
You barely miss the ogre.
The ogre is moderately wounded.
You block the ogre's attack.
You puncture the ogre! You squeeze the ogre.
The ogre is heavily wounded.
Your tentacle spike disappears.
The ogre hits you with a +0 giant club!!
Ouch! That really hurt!
* * * LOW HITPOINT WARNING * * *
You closely miss the ogre. You squeeze the ogre, but do no damage.
The ogre is heavily wounded.
The ogre closely misses you. The ogre barely misses you.
You hit the ogre.
The ogre is severely wounded.
The ogre hits you with a +0 giant club!
Ouch! That really hurt!
You die...

..#..###.##...#....##..#.........
....####..#......#.....#>........
.[.........#.............#....###
....##.##................#.....#
...###.##................#.....##
...# #.##................##.....#
##.###..#........#.......##.#.#.#
##...##..###..#..#..........#.#..
####.###.####...@O...............
####.###...###...................
........##.# #...................
####.##.##.# #.........<.).###.#.
#.....#....###.....>)...##.##..#.
......###.......).......##....##.
≈.....###...............##..####.
≈≈.........###..............## #.
#####...#### ####............###.


You could see an ogre.

Vanquished Creatures
  A scorpion (D:4)
  A worker ant (D:2)
  5 adders
  An ooze (D:2)
  4 worms
  3 dart slugs
  5 orcs
  6 bats
  6 giant cockroaches
  6 goblins
  8 hobgoblins
  3 jackals (D:1)
  A quokka (D:2)
  6 frilled lizards (D:2)
  8 kobolds
  8 rats
72 creatures vanquished.

Notes
Turn   | Place    | Note
-------+----------+-------------------------------------------
     0 | D:1      | wakim the Octopode Transmuter began the quest for the Orb.
     0 | D:1      | Reached XP level 1. HP: 13/13 MP: 3/3
   378 | D:1      | Reached XP level 2. HP: 13/18 MP: 1/5
  1288 | D:2      | Reached XP level 3. HP: 3/23 MP: 4/6
  2000 | D:2      | Reached XP level 4. HP: 28/28 MP: 5/7
  2846 | D:3      | Reached XP level 5. HP: 33/33 MP: 8/8
  3554 | D:3      | Found a shimmering altar of Xom.
  3864 | D:4      | Noticed an ogre
  3888 | D:3      | Reached skill level 1 in Shields
  4083 | D:3      | Mangled by an ogre

Illustrated notes

Levels and vault maps discovered:
D:1:      psy_arrival_dodecagon, layout_basic, minmay_misc_feat_cross
D:2:      layout_basic
D:3:      layout_rooms, tgw_xom, nrook_mini_backslash, lemuel_another_geyser
D:4:      layout_rooms, minmay_temple_entry_arrows, uniq_natasha,
          uniq_crazy_yiuf_cottage

Skill      XL: |  1  2  3  4  5 |
---------------+----------------+-----
Dodging        | 3 |  3.9
Transmutations | 3 |  3.9
Shields        | 1 |  1.0
Fighting       | |  1.0
Unarmed Combat | |  3.0
Spellcasting   | |  2.9

Action                   |  1- 3 |  4- 6 || total
-------------------------+-------+-------++-------
Melee: Unarmed           |    73 |    32 ||   105
       Constrict         |    22 |    29 ||    51
       Kick              |    15 |    27 ||    42
       Tentacles         |     7 |    14 ||    21
       Punch             |     1 |       ||     1
       Trident           |       |    91 ||    91
 Cast: Beastly Appendage |    18 |    21 ||    39
  Use: Potion            |     2 |       ||     2
 Stab: Sleeping          |     4 |     2 ||     6
Armor: Skin              |     6 |    10 ||    16
Dodge: Dodged            |    39 |    83 ||   122
Block: Kite shield       |       |    13 ||    13

Table legend: (Time is in decaauts)
 A = Elapsed time spent in this place.
 B = Non-inter-level travel time spent in this place.
 C = Inter-level travel time spent in this place.
 D = Time resting spent in this place.
 E = Time spent auto-exploring this place.
 F = Levels seen in this place.
 G = Mean time per level.
                   A        B        C        D        E       F      G
               +--------+--------+--------+--------+--------+-----+--------+
         Total |   4115 |   4017 |     98 |   1863 |   1485 |   4 | 1028.8 |
       Dungeon |   4115 |   4017 |     98 |   1863 |   1485 |   4 | 1028.8 |
               +--------+--------+--------+--------+--------+-----+--------+

Top non-repeatable levels by time:
     D:2: 1879 daAuts
     D:3: 1052 daAuts
     D:1: 912 daAuts
     D:4: 272 daAuts
